AoeStats
← OmarGutieG

Arabia

506255376Analyzed
2v2 RM · 19d ago on Sep 12, 2026· 51m 15s· 4 players
Game mode
Random Map
Map size
Medium (4 player)
Population
200
Speed
Normal
Resources
Standard
Victory
Conquest
Starting age
Dark Age
Ending age
Imperial Age
RankedLock teamsTeams togetherTeam positionsShared explorationLock speedFull tech treeHidden civsTurbo modeCheats
Victory
Defeat
🇲🇽 Magyars · Mexico
1302
+15
🇲🇽 Ethiopians · Mexico
1295
+15
🇦🇷 Ethiopians · Argentina
1280
-15
🇦🇷 Magyars · Argentina
1271
-15
MedicenelMago
8:04 Loom
10:37 Feudal Age
11:50 Double-Bit Axe
25:10 Castle Age
24:53 Bloodlines
26:30 Scale Barding Armor
26:37 Light Cavalry
35:34 Wheelbarrow
53:17 Imperial Age
51:24 Bow Saw
PeloDeElite
7:09 Loom
9:42 Feudal Age
11:52 Double-Bit Axe
12:03 Fletching
16:04 Padded Archer Armor
27:16 Castle Age
26:12 Gold Mining
27:47 Wheelbarrow
27:18 Crossbowman
28:04 Thumb Ring
28:16 Leather Archer Armor
28:36 Bodkin Arrow
29:34 Ballistics
31:46 Thumb Ring
42:18 Hand Cart
45:16 Imperial Age
45:33 Bow Saw
45:59 Bracer
46:30 Ring Archer Armor
45:27 Arbalester
47:20 Chemistry
46:38 Town Watch
47:07 Horse Collar
armigame1
6:47 Loom
9:13 Feudal Age
23:06 Castle Age
21:25 Double-Bit Axe
22:21 Gold Mining
22:44 Bloodlines
23:49 Scale Barding Armor
27:18 Husbandry
32:40 Chain Barding Armor
41:11 Fletching
46:43 Imperial Age
45:42 Wheelbarrow
44:55 Light Cavalry
47:02 Bow Saw
46:38 Horse Collar
47:10 Cavalier
48:46 Conscription
49:48 Plate Barding Armor
51:20 Hand Cart
OmarGutieG
7:50 Loom
8:16 Loom
11:27 Feudal Age
17:03 Fletching
24:15 Castle Age
23:45 Gold Mining
23:46 Double-Bit Axe
24:37 Padded Archer Armor
24:22 Crossbowman
27:53 Wheelbarrow
28:50 Hand Cart
29:37 Bodkin Arrow
33:12 Leather Archer Armor
39:34 Ballistics
39:53 Gold Shaft Mining
48:53 Imperial Age
48:56 Arbalester
50:09 Bracer
Connection lost

Rejoining the realm…

Still unreachable

The connection could not be restored.

Session expired

The server has moved on; the page needs a fresh start.